 Dungeon Sprint DCSS version 0.24-a0-809-g71cb82dfb8 (webtiles) character file.

Game seed: 10184046821075799478, levelgen mode: deterministic

60 MisterOstroum the Skirmisher (level 3, -11/39 HPs)
             Began as a Minotaur Fighter on Oct 11, 2019.
             Mangled by an ogre
             ... wielding a +0 giant spiked club
              (22 damage)
             ... in the Dungeon (Sprint IX: "|||||||||||||||||||||||||||||").
             The game lasted 00:00:25 (57 turns).

MisterOstroum the Skirmisher (Minotaur Fighter)       Turns: 57, Time: 00:00:26

Health: -11/39     AC:  6    Str: 21    XL:     3   Next: 82%
Magic:  2/2        EV:  7    Int:  5    God:
Gold:   0          SH:  9    Dex:  9    Spells: 2/2 levels left

rFire    . . .     SeeInvis .   a - +0 war axe
rCold    . . .     Gourm    .   c - +0 shield
rNeg     . . .     Faith    .   b - +0 scale mail
rPois    .         Spirit   .   (helmet restricted)
rElec    .         Reflect  .   (no cloak)
rCorr    .         Harm     .   (no gloves)
MR       .....     NoTele   +   (no boots)
Stlth    ..........             (no amulet)
HPRegen  0.13/turn              (no ring)
MPRegen  0.08/turn              (no ring)

@: no status effects
A: retaliatory headbutt, horns 2
a: no special abilities


You were in the Dungeon.
You were not hungry.

You visited 1 branch

Inventory:

Hand Weapons
 a - a +0 war axe (weapon)
Armour
 b - a +0 scale mail (worn)
 c - a +0 shield (worn)
Scrolls
 k - a scroll of blinking {@r4}
Potions
 d - a potion of might {@q3 !q}
 f - a potion of curing {@q1 !q}
 g - a potion of heal wounds {@q2 !q}
 h - a potion of haste {@q4 !q}
 i - 2 potions of magic
 j - a potion of berserk rage
Comestibles
 e - a ration
 l - a chunk of flesh


   Skills:
 + Level 7.3 Fighting
 + Level 6.8 Axes
 - Level 3.6 Armour
 - Level 3.6 Shields


You had 2 spell levels left.
You didn't know any spells.
Your spell library was empty.

Dungeon Overview and Level Annotations

Branches:
Dungeon (1/1)

Altars:


Innate Abilities, Weirdness & Mutations

You reflexively headbutt those who attack you in melee.
You have a pair of horns on your head.


Message History

You hit the hobgoblin.
The hobgoblin is almost dead.
The hobgoblin barely misses you. You furiously retaliate!
You headbutt the hobgoblin.
You kill the hobgoblin!
The bat hits you. x2; The bat closely misses you.
You closely miss the bat. You block the bat's attack.
The bat barely misses you. You block the bat's attack.
You closely miss the bat. You headbutt the bat.
You kill the bat!
The kobold throws a stone.
The stone hits you but does no damage.
The kobold throws a stone.
The stone hits you but does no damage. You block the kobold's attack.
You see here a bat corpse.
You hit the kobold.
You kill the kobold!
You hit the kobold. You headbutt the kobold.
You kill the kobold!
Your Axes skill increases to level 4!
No target in view!
No target in view!
No target in view!
No target in view!
HP restored.
You butcher the bat corpse.
l - a chunk of flesh You see here a bat skeleton. x2
Things that are here:
a +0 whip; 3 stones; a kobold corpse You open the door.
A hound, 2 gnolls, an ogre and a zombie come into view.
The hound barks!
The gnoll shouts!
The ogre shouts!
You slash the gnoll! You headbutt the gnoll!
You kill the gnoll!
Your Fighting skill increases to level 5!
You have reached level 2!
You closely miss the hound. The hound bites you.
The hound bites you but does no damage.
You completely miss the hound. Your headbutt misses the hound.
The hound bites you. The hound barely misses you.
You barely miss the hound. The hound barely misses you.
You block the hound's attack.
You closely miss the hound. You block the hound's attack. The hound bites you.
You hit the hound. Your headbutt misses the hound.
The hound is moderately wounded.
The hound bites you. You block the hound's attack.
Your shield and scale mail prevent you from hitting the hound.
You headbutt the hound.
The hound is severely wounded.
The hound bites you. The hound barely misses you. You furiously retaliate!
You headbutt the hound. The hound bites you.
You hit the hound.
You kill the hound!
Your Fighting skill increases to level 6!
Your Axes skill gained 2 levels and is now at level 6!
You have reached level 3!
Your experience leads to an increase in your attributes!
Increase (S)trength, (I)ntelligence, or (D)exterity?
You feel stronger.
Things that are here:
a +0 whip; 3 stones; a kobold corpse You see here a bat skeleton.
You see here 2 stones.
There is an open door to the Dungeon here.
You see here a +0 dagger.
You slash the gnoll!
The gnoll is severely wounded.
The gnoll hits you but does no damage.
You completely miss the gnoll.
The gnoll is severely wounded.
You block the gnoll's attack.
You slash the gnoll!
You kill the gnoll!
Your Fighting skill increases to level 7!
You block the adder zombie's attack.
There's a creature in the doorway!
You closely miss the adder zombie. The adder zombie bites you.
You closely miss the adder zombie.
The adder zombie bites you but does no damage.
You closely miss the adder zombie. You block the adder zombie's attack.
The adder zombie bites you but does no damage.
You hit the adder zombie. You headbutt the adder zombie!
The adder zombie is almost destroyed.
The adder zombie bites you but does no damage.
You hit the adder zombie but do no damage.
You headbutt the adder zombie.
You destroy the adder zombie!
You completely miss the ogre. You block the ogre's attack.
You hit the ogre.
The ogre is lightly wounded.
The ogre barely misses you. You furiously retaliate!
You headbutt the ogre! You hit the ogre. You headbutt the ogre.
The ogre is heavily wounded.
The ogre hits you with a +0 giant spiked club.
* * * LOW HITPOINT WARNING * * *
Your shield and scale mail prevent you from hitting the ogre.
The ogre is heavily wounded.
The ogre hits you with a +0 giant spiked club!!
Ouch! That really hurt!
You die... ▓▓▓▓▓▓▓▓▓▓▓▓▓▓▓▓▓▓ ▓<..@O)÷)..).....+ ▓▓▓▓▓▓▓▓▓▓▓▓▓▓▓▓▓▓

You could see an ogre.

Vanquished Creatures
  A hound (D)
  2 gnolls (D)
  An adder zombie (D)
  A bat (D)
  A goblin (D)
  A hobgoblin (D)
  2 kobolds (D)
9 creatures vanquished.

Notes
Turn   | Place    | Note
-------+----------+-------------------------------------------
     0 | D        | MisterOstroum the Minotaur Fighter began the quest for the
                  | Orb.
     0 | D        | Reached XP level 1. HP: 19/19 MP: 0/0
     4 | D        | Reached skill level 4 in Fighting
    31 | D        | Noticed a hound
    31 | D        | Noticed an ogre
    32 | D        | Reached skill level 5 in Fighting
    32 | D        | Reached XP level 2. HP: 29/29 MP: 1/1
    39 | D        | Reached skill level 6 in Fighting
    39 | D        | Reached XP level 3. HP: 12/38 MP: 2/2
    47 | D        | Reached skill level 7 in Fighting
    57 | D        | Mangled by an ogre

Levels and vault maps discovered:
D:        linesprint [early_d, line_temple, items_1, d_10, items_2, lair_1,
          lair_end, items_3, orc_1, orc_end, items_4, d_15, swamp_1, shoals_1,
          snake_1, spider_1, d_20, vaults_1, items_5, swamp_end, shoals_end,
          snake_end, spider_end, vaults_end, d_27, items_6, zot_1, zot_end,
          crypt_end, forest_end, elf_end, slime_end, tomb_end, abyss_end,
          pan_hell_end]

Skill      XL: |  1  2  3 |
---------------+----------+-----
Fighting       | 5 6 7 |  7.3
Axes           | 4 6 |  6.8
Armour         | |  3.6
Shields        | |  3.6

Action                   || total
-------------------------++-------
Melee: War axe           ||    27
       Headbutt          ||     8
Armor: Scale mail        ||     6
Dodge: Dodged            ||     7
Block: Shield            ||    11

Table legend:
 A = Non-vault XP
 B = Vault XP
 C = Vault XP percentage of total XP
 D = Non-vault monster count
 E = Vault monster count
 F = Vault count percentage of total count
                 A         B        C        D         E       F
            +---------+---------+-------+---------+---------+-------
      Total |       0 |      87 | 100.0 |       0 |       9 | 100.0
            +---------+---------+-------+---------+---------+-------
          D |       0 |      87 | 100.0 |       0 |       9 | 100.0
            +---------+---------+-------+---------+---------+-------
